BR (22 & UNDER)
CORONADO ECLIPSE @ PALMYRA OVERLORDS
07/25/2029
 
TOP OF THE 1ST
Coronado Eclipse batting - Pitching for Palmyra Overlords : RHP Juan Vera
Pitching: RHP Juan Vera
Batting: SHB Luis Sotelo 0-0: Foul Ball, location: 2F
0-1: Ball
1-1: Ball
2-1: Foul Ball, location: 2F
2-2: Foul Ball, location: 2F
2-2: Hit by Pitch
Batting: RHB Fred Wagner 0-0: Called Strike
0-1: Ball
1-1: Ball
2-1: Ball
3-1: Called Strike
3-2: SINGLE (Groundball, 4MD)
Luis Sotelo to second
Luis Sotelo to third
Batting: RHB Júlio Serra 0-0: Foul Ball, location: 2F
0-1: Fly out, F9 (Flyball, 9S)
Batting: RHB Ramón Sánchez 0-0: Called Strike
0-1: Foul Ball, location: 2F
0-2: Ball
1-2: Ball
2-2: SINGLE (Groundball, 56D)
Luis Sotelo scores
Fred Wagner to second
Batting: RHB Phil Martin 0-0: Called Strike
0-1: Ball
1-1: Ball
Wild Pitch!
Fred Wagner to third
Ramón Sánchez to second
2-1: Called Strike
2-2: Foul Ball, location: 2F
2-2: Fly out, F8 (Line Drive, 89D)
Runner from 3rd tags up, SCORES, no throw
Batting: RHB Sandro Hernández 0-0: Ball
1-0: Ball
2-0: SINGLE (Line Drive, 78S)
Ramón Sánchez to third
Runner from 3rd tries for Home, SAFE, no throw
Batting: RHB José Chávez 0-0: Ball
1-0: SINGLE (Groundball, 34) (infield hit)
Sandro Hernández to second
Batting: RHB Walt Green 0-0: Foul Ball, location: 2F
0-1: Ball
1-1: Called Strike
1-2: Strikes out looking
Top of the 1st over - 3 runs, 4 hits, 0 errors, 2 left on base; Coronado 3 - Palmyra 0
BOTTOM OF THE 1ST
Palmyra Overlords batting - Pitching for Coronado Eclipse : LHP Rodrigo Álvarez
Pitching: LHP Rodrigo Álvarez
Batting: RHB Weldon Samuels 0-0: Called Strike
0-1: Hit by Pitch
Batting: LHB Claudio Arce 0-0: Swinging Strike
0-1: Ball
1-1: Ball
2-1: Foul Ball, location: 2F
2-2: Foul Ball, location: 2F
2-2: Strikes out swinging
Batting: RHB Enrico Castro 0-0: Ball
1-0: Swinging Strike
1-1: Ball
Wild Pitch!
Weldon Samuels to second
2-1: Foul Ball, location: 2F
2-2: Strikes out looking
Batting: RHB José Gonzáles 0-0: Fly out, F7 (Flyball, 7S)
Bottom of the 1st over - 0 runs, 0 hits, 0 errors, 1 left on base; Coronado 3 - Palmyra 0
TOP OF THE 2ND
Coronado Eclipse batting - Pitching for Palmyra Overlords : RHP Juan Vera
Batting: RHB Danny Scott 0-0: Called Strike
0-1: Called Strike
0-2: Foul Ball, location: 2F
0-2: Foul Ball, location: 2F
0-2: Ball
1-2: SINGLE (Groundball, 34D)
Batting: SHB Luis Sotelo 0-0: Called Strike
0-1: Ball
1-1: Ball
2-1: Swinging Strike
2-2: DOUBLE (Line Drive, 7LM)
Danny Scott to third
Danny Scott scores
Batting: RHB Fred Wagner 0-0: Ball
1-0: SINGLE (Flyball, 7LM)
Luis Sotelo to third
Runner from 3rd tries for Home, SAFE, no throw
Batting: RHB Júlio Serra 0-0: SINGLE (Groundball, 34D)
Fred Wagner to second
Runner from 2nd tries for 3rd, SAFE, no throw
Batting: RHB Ramón Sánchez 0-0: Single, Error in OF, E8, batter to second base
Fred Wagner scores
Júlio Serra to third
Batting: RHB Phil Martin 0-0: Ball
1-0: Ball
2-0: Foul Ball, location: 2F
2-1: Ball
3-1: SINGLE (Groundball, 56D)
Júlio Serra scores
Ramón Sánchez to third
Batting: RHB Sandro Hernández 0-0: Foul Ball, location: 2F
0-1: Swinging Strike
0-2: Ball
1-2: Ball
2-2: Ball
3-2: Fly out, F3 (Popup, 3SF)
Batting: RHB José Chávez 0-0: Ball
1-0: Called Strike
1-1: Foul Ball, location: 2F
1-2: Ball
2-2: Ball
3-2: SINGLE (Line Drive, 4MD)
Ramón Sánchez scores
Phil Martin to second
Batting: RHB Walt Green 0-0: Fly out, F6 (Line Drive, 6)
Lined into DP, 6-4 (Line Drive, 6)
Top of the 2nd over - 5 runs, 7 hits, 1 error, 1 left on base; Coronado 8 - Palmyra 0
BOTTOM OF THE 2ND
Palmyra Overlords batting - Pitching for Coronado Eclipse : LHP Rodrigo Álvarez
Batting: LHB Miguel Gamboa 0-0: Ball
1-0: Ball
2-0: Swinging Strike
2-1: Foul Ball, location: 2F
2-2: Strikes out swinging
Batting: LHB Howard Anderson 0-0: Ground out 1-3 (Groundball, P)
Batting: LHB José Marín 0-0: Ball
1-0: Ball
2-0: Ball
3-0: Called Strike
3-1: Foul Ball, location: 2F
3-2: Base on Balls
Batting: RHB Jesús Salazar 0-0: Called Strike
José Marín steals 2nd base
0-1: Ball
1-1: Fly out, F7 (Flyball, 78M)
Bottom of the 2nd over - 0 runs, 0 hits, 0 errors, 1 left on base; Coronado 8 - Palmyra 0
TOP OF THE 3RD
Coronado Eclipse batting - Pitching for Palmyra Overlords : RHP Juan Vera
Batting: RHB Danny Scott 0-0: Foul Ball, location: 2F
0-1: Ball
1-1: Foul Ball, location: 2F
1-2: Foul Ball, location: 2F
1-2: Strikes out looking
Batting: SHB Luis Sotelo 0-0: Called Strike
0-1: Ball
1-1: Foul Ball, location: 2F
1-2: Ground out 3-1 (Groundball, 34)
Batting: RHB Fred Wagner 0-0: Called Strike
0-1: Called Strike
0-2: Ground out 6-3 (Groundball, 6)
Top of the 3rd over - 0 runs, 0 hits, 0 errors, 0 left on base; Coronado 8 - Palmyra 0
BOTTOM OF THE 3RD
Palmyra Overlords batting - Pitching for Coronado Eclipse : LHP Rodrigo Álvarez
Batting: LHB José Gómez 0-0: Called Strike
0-1: Ground out 4-3 (Groundball, 4M)
Batting: RHB Weldon Samuels 0-0: Called Strike
0-1: Ball
1-1: SINGLE (Groundball, 6MD)
Batting: LHB Claudio Arce 0-0: Called Strike
0-1: Ball
1-1: Fielders Choice at 2nd, 1-4 (Groundball, 15S)
Batting: RHB Enrico Castro 0-0: Ball
1-0: Ball
2-0: Swinging Strike
2-1: Reached on error, E5 (Groundball, 56S)
Claudio Arce to second
Batting: RHB José Gonzáles 0-0: Called Strike
0-1: Ball
1-1: Ground out 4-3 (Groundball, 4)
Bottom of the 3rd over - 0 runs, 1 hit, 1 error, 2 left on base; Coronado 8 - Palmyra 0
TOP OF THE 4TH
Coronado Eclipse batting - Pitching for Palmyra Overlords : RHP Juan Vera
Batting: RHB Júlio Serra 0-0: Ball
1-0: Ball
2-0: Swinging Strike
2-1: SINGLE (Groundball, 6D)
Batting: RHB Ramón Sánchez 0-0: Foul Ball, location: 2F
0-1: Ball
1-1: Ball
2-1: Ball
3-1: Base on Balls
Júlio Serra to second
Batting: RHB Phil Martin 0-0: Ball
1-0: Foul Ball, location: 2F
1-1: Ball
2-1: Foul Ball, location: 2F
2-2: Ball
3-2: Strikes out looking
Batting: RHB Sandro Hernández 0-0: Called Strike
0-1: Foul Ball, location: 2F
0-2: Ball
1-2: Foul Ball, location: 2F
1-2: Strikes out swinging
Batting: RHB José Chávez 0-0: Called Strike
0-1: SINGLE (Line Drive, 6D)
Júlio Serra to third
Ramón Sánchez to second
Runner from 3rd tries for Home, SAFE, no throw
Batting: RHB Walt Green 0-0: Ball
1-0: SINGLE (Flyball, 89S)
Ramón Sánchez to third
José Chávez to second
Batting: RHB Danny Scott 0-0: SINGLE (Line Drive, 56D)
Ramón Sánchez scores
José Chávez to third
Walt Green to second
Runner from 3rd tries for Home, SAFE, throw made home
Batting: SHB Luis Sotelo 0-0: Ball
1-0: Ball
2-0: SINGLE (Line Drive, 6D)
Walt Green to third
Danny Scott to second
Runner from 3rd tries for Home, SAFE, no throw
Batting: RHB Fred Wagner 0-0: Swinging Strike
0-1: SINGLE (Popup, 34D)
Danny Scott to third
Luis Sotelo to second
Runner from 3rd tries for Home, SAFE, throw made home
Batting: RHB Júlio Serra 0-0: Called Strike
0-1: Called Strike
0-2: Ball
1-2: Foul Ball, location: 2F
1-2: Ground out 4-3 (Groundball, 4)
Top of the 4th over - 5 runs, 6 hits, 0 errors, 2 left on base; Coronado 13 - Palmyra 0
BOTTOM OF THE 4TH
Palmyra Overlords batting - Pitching for Coronado Eclipse : LHP Rodrigo Álvarez
Batting: LHB Miguel Gamboa 0-0: Called Strike
0-1: Ball
1-1: Fly out, F9 (Flyball, 9S)
Batting: LHB Howard Anderson 0-0: Ball
1-0: Called Strike
1-1: Ball
2-1: Foul Ball, location: 2F
2-2: Foul Ball, location: 2F
2-2: Fly out, F9 (Flyball, 9S)
Batting: LHB José Marín 0-0: Called Strike
0-1: Ball
1-1: Called Strike
1-2: Ball
2-2: Foul Ball, location: 2F
2-2: Foul Ball, location: 2F
2-2: Strikes out looking
Bottom of the 4th over - 0 runs, 0 hits, 0 errors, 0 left on base; Coronado 13 - Palmyra 0
TOP OF THE 5TH
Coronado Eclipse batting - Pitching for Palmyra Overlords : RHP Juan Vera
Batting: RHB Ramón Sánchez 0-0: SOLO HOME RUN (Flyball, 7D), Distance : 382 ft
Pitching: RHP Brodie Costello
Batting: RHB Phil Martin 0-0: Called Strike
0-1: Fly out, F8 (Line Drive, 8LM)
Batting: RHB Sandro Hernández 0-0: SINGLE (Groundball, 6MD)
Batting: RHB José Chávez 0-0: Called Strike
0-1: Ball
1-1: Ball
2-1: Ground out 6-3 (Groundball, 6S)
Sandro Hernández to second
Batting: RHB Walt Green 0-0: Called Strike
0-1: Foul Ball, location: 2F
0-2: Ball
1-2: Strikes out swinging
Top of the 5th over - 1 run, 2 hits, 0 errors, 1 left on base; Coronado 14 - Palmyra 0
BOTTOM OF THE 5TH
Palmyra Overlords batting - Pitching for Coronado Eclipse : LHP Rodrigo Álvarez
Batting: RHB Jesús Salazar 0-0: Ball
1-0: Ball
2-0: Called Strike
2-1: Fly out, F8 (Flyball, 8RD)
Batting: LHB José Gómez 0-0: Called Strike
0-1: Called Strike
0-2: Ball
1-2: Strikes out looking
Batting: RHB Weldon Samuels 0-0: Ball
1-0: Fly out, F6 (Line Drive, 6)
Bottom of the 5th over - 0 runs, 0 hits, 0 errors, 0 left on base; Coronado 14 - Palmyra 0
TOP OF THE 6TH
Coronado Eclipse batting - Pitching for Palmyra Overlords : RHP Brodie Costello
Batting: RHB Danny Scott 0-0: Foul Ball, location: 2F
0-1: Swinging Strike
0-2: Ball
1-2: Strikes out swinging
Batting: SHB Luis Sotelo 0-0: Ball
1-0: Called Strike
1-1: Ball
2-1: Foul Ball, location: 2F
2-2: Ball
3-2: Foul Ball, location: 2F
3-2: SINGLE (Groundball, 4MD)
Batting: RHB Fred Wagner 0-0: Called Strike
0-1: Ball
1-1: Foul Ball, location: 2F
1-2: Ball
2-2: Foul Ball, location: 2F
2-2: Grounds into double play, 4-6-3 (Groundball, 4)
Top of the 6th over - 0 runs, 1 hit, 0 errors, 0 left on base; Coronado 14 - Palmyra 0
BOTTOM OF THE 6TH
Palmyra Overlords batting - Pitching for Coronado Eclipse : LHP Rodrigo Álvarez
Batting: LHB Claudio Arce 0-0: Ball
1-0: Swinging Strike
1-1: Ball
2-1: Foul Ball, location: 2F
2-2: Ball
3-2: Foul Ball, location: 2F
3-2: SINGLE (Groundball, 56S) (infield hit)
Batting: RHB Enrico Castro 0-0: Called Strike
0-1: Ball
1-1: Swinging Strike
1-2: Fly out, F9 (Flyball, 9S)
Batting: RHB José Gonzáles 0-0: Ball
1-0: SINGLE (Line Drive, 6MD)
Claudio Arce to second
Batting: LHB Miguel Gamboa 0-0: Foul Ball, location: 2F
0-1: Ball
1-1: Ball
2-1: SINGLE (Groundball, 4MD)
Claudio Arce to third
José Gonzáles to second
Runner from 3rd tries for Home, SAFE, no throw
Batting: LHB Howard Anderson 0-0: Reached on error, E6 (Groundball, 6S)
José Gonzáles scores
Miguel Gamboa to third
Batting: LHB José Marín 0-0: Foul Ball, location: 2F
0-1: Ball
1-1: Foul Ball, location: 2F
1-2: Reached on error, E3 (Groundball, 34)
Miguel Gamboa scores
Howard Anderson to third
Batting: RHB Jesús Salazar 0-0: Ball
1-0: Ball
2-0: Ball
3-0: Called Strike
3-1: Fly out, F4 (Popup, 3D)
Batting: LHB José Gómez 0-0: Fly out, F4 (Flyball, 34D)
Bottom of the 6th over - 3 runs, 3 hits, 2 errors, 2 left on base; Coronado 14 - Palmyra 3
TOP OF THE 7TH
Coronado Eclipse batting - Pitching for Palmyra Overlords : RHP Brodie Costello
Batting: RHB Júlio Serra 0-0: Ball
1-0: Fly out, F7 (Line Drive, 78D)
Batting: RHB Ramón Sánchez 0-0: Fly out, F8 (Flyball, 8LD)
Batting: RHB Phil Martin 0-0: Called Strike
0-1: Called Strike
0-2: Ball
1-2: Strikes out swinging
Top of the 7th over - 0 runs, 0 hits, 0 errors, 0 left on base; Coronado 14 - Palmyra 3
BOTTOM OF THE 7TH
Palmyra Overlords batting - Pitching for Coronado Eclipse : LHP Rodrigo Álvarez
Batting: RHB Weldon Samuels 0-0: Swinging Strike
0-1: Called Strike
0-2: Ball
1-2: Ball
2-2: Strikes out swinging
Batting: LHB Claudio Arce 0-0: Swinging Strike
0-1: Called Strike
0-2: Ball
1-2: Strikes out swinging
Batting: RHB Enrico Castro 0-0: Ball
1-0: Fly out, F8 (Flyball, 78D)
Bottom of the 7th over - 0 runs, 0 hits, 0 errors, 0 left on base; Coronado 14 - Palmyra 3
TOP OF THE 8TH
Coronado Eclipse batting - Pitching for Palmyra Overlords : RHP Brodie Costello
Batting: RHB Sandro Hernández 0-0: Fly out, F6 (Popup, 6M)
Batting: RHB José Chávez 0-0: Ball
1-0: Fly out, F3 (Popup, 23F)
Batting: RHB Walt Green 0-0: Ball
1-0: Foul Ball, location: 2F
1-1: Swinging Strike
1-2: Ball
2-2: SINGLE (Line Drive, 56)
Batting: RHB Danny Scott 0-0: Ball
1-0: Ball
2-0: Ball
3-0: Base on Balls
Walt Green to second
Batting: SHB Luis Sotelo 0-0: Fielders Choice at 2nd, 5-4 (Groundball, 56)
Top of the 8th over - 0 runs, 1 hit, 0 errors, 2 left on base; Coronado 14 - Palmyra 3
BOTTOM OF THE 8TH
Palmyra Overlords batting - Pitching for Coronado Eclipse : LHP Rodrigo Álvarez
Pitching: RHP Ash Coker
Batting: RHB José Gonzáles 0-0: Ball
1-0: Foul Ball, location: 2F
1-1: Foul Ball, location: 2F
1-2: Ground out 6-3 (Groundball, 6)
Batting: LHB Miguel Gamboa 0-0: Called Strike
0-1: Ball
1-1: Called Strike
1-2: Ball
2-2: Foul Ball, location: 2F
2-2: Foul Ball, location: 2F
2-2: Fly out, F8 (Flyball, 8LM)
Batting: LHB Howard Anderson 0-0: Foul Ball, location: 2F
0-1: Ball
1-1: Foul Ball, location: 2F
1-2: Ball
2-2: SINGLE (Line Drive, 89S)
Batting: LHB José Marín 0-0: Foul Ball, location: 2F
0-1: Ball
1-1: Ball
2-1: Fly out, F9 (Flyball, 9LS)
Bottom of the 8th over - 0 runs, 1 hit, 0 errors, 1 left on base; Coronado 14 - Palmyra 3
TOP OF THE 9TH
Coronado Eclipse batting - Pitching for Palmyra Overlords : RHP Brodie Costello
Batting: RHB Fred Wagner 0-0: Foul Ball, location: 2F
0-1: Ball
1-1: Swinging Strike
1-2: Ground out 5-3 (Groundball, 56S)
Batting: RHB Júlio Serra 0-0: Called Strike
0-1: Ball
1-1: Ground out 6-3 (Groundball, 6)
Batting: RHB Ramón Sánchez 0-0: Called Strike
0-1: Ball
1-1: Foul Ball, location: 2F
1-2: Foul Ball, location: 2F
1-2: SINGLE (Line Drive, 4D)
Batting: RHB Phil Martin 0-0: Ball
1-0: Called Strike
1-1: Ball
2-1: Ball
3-1: Fly out, F3 (Popup, 3SF)
Top of the 9th over - 0 runs, 1 hit, 0 errors, 1 left on base; Coronado 14 - Palmyra 3
BOTTOM OF THE 9TH
Palmyra Overlords batting - Pitching for Coronado Eclipse : RHP Ash Coker
Now at C: Ricardo Aguilar
Now at 1B: Henry Cahill
Now in LF: Jorge Aguilar
Batting: RHB Jesús Salazar 0-0: Ground out 4-3 (Groundball, 4)
Batting: LHB José Gómez 0-0: Ball
1-0: Fly out, F8 (Flyball, 89D)
Batting: RHB Weldon Samuels 0-0: Called Strike
0-1: Ball
1-1: Ground out 1-3 (Groundball, P)
Bottom of the 9th over - 0 runs, 0 hits, 0 errors, 0 left on base; Coronado 14 - Palmyra 3
Saturday, December 16th, 2017 - OOTP Baseball 18.8 Build 76